[Event "*** Titled Tuesday 3|2 Blitz"]
[Site "Chess.com"]
[Date "2016.09.06"]
[Round "6"]
[White "IamSchrodingersCat"]
[Black "AllStarShark"]
[Result "1-0"]
[WhiteElo "2273"]
[BlackElo "2293"]
[TimeControl "180+2"]
[EndTime "18:09:44 PDT"]
[Termination "IamSchrodingersCat won by checkmate"]

1. e4 c6 2. Nc3 d5 3. Nf3 Bg4 4. h3 Bxf3 5. Qxf3 e6 6. d3 Nd7 7.
Bd2 Ngf6 8. g4 h6 9. O-O-O b5 10. exd5 Nxd5 11. Re1 Be7 12. Kb1 N7f6 13. Bg2 a5 14.
Qe2 a4 15. h4 b4 16. Ne4 b3 17. c4 bxa2+ 18. Kxa2 a3 19. b3 O-O 20. cxd5 Nxd5 21. g5 Bb4 22. gxh6 Bxd2 23. Qxd2 c5 24. Nxc5 Qb6 25.
Bxd5 exd5 26. d4 Rac8 27. hxg7 Rfe8 28. Rxe8+ Rxe8 29. Re1 Rxe1 30. Qxe1 Kxg7 31. Qe5+ Kg8 32. Qxd5 Qb4 33. Qg5+ Kh7 34. Qe3 Qb8 35. h5 Qd6 36.
Qe4+ Kh8 37. Qe5+ Qxe5 38. dxe5 Kh7 39. b4 Kh6 40. b5 Kxh5 41. b6 Kg5 42. b7 Kf5 43. b8=Q Kf4 44. e6+ Kf3 45. exf7 Kg2 46. Qg3+ Kf1 47. f8=Q Ke2 48. Qe7+ Kd1 49. Qg1+ Kc2 50.
Qe4+ Kc3 51. Qc1# 1-0

[Event "*** Titled Tuesday 3|2 Blitz"]
[Site "Chess.com"]
[Date "2016.09.06"]
[Round "6"]
[White "jposthuma"]
[Black "andretta"]
[Result "0-1"]
[WhiteElo "2155"]
[BlackElo "2280"]
[TimeControl "180+2"]
[EndTime "18:09:51 PDT"]
[Termination "andretta won by resignation"]

1. d4 e6 2. Nf3 d5 3. Bf4 Nf6 4. e3 c5 5. c3 Nc6 6. Nbd2 Bd6 7. Bg3 O-O 8. Bd3 b6 9. Qe2 Bb7 10. O-O Qc7 11. e4 dxe4 12. Nxe4 Nxe4 13. Bxe4 Bxg3 14. hxg3 h6 15. dxc5 bxc5 16. g4 Qf4 17. Nd2 Na5 18. g3 Qc7 19. Nf3 Bxe4 20. Qxe4 Qc6 21.
Qxc6 Nxc6 22. Rad1 Rfd8 23. Rfe1 Kf8 24. Kf1 Ke7 25. Ke2 Rab8 26. Rxd8 Rxd8 27. Nd2 Ne5 28. f3 Rxd2+ 29. Kxd2 Nxf3+ 30. Ke2 Nxe1 31. Kxe1 Kd6 32.
Ke2 Kd5 33. Ke3 e5 34. b3 g6 35. a4 f5 36. gxf5 gxf5 37. Kf3 a5 38. Ke3 c4 39. b4 axb4 40. cxb4 Kc6 41. b5+ Kc5 42. Kf3 c3 43. Ke3 f4+ 44. gxf4 exf4+ 45. Kd3 f3 46. Ke3 c2 47. Kxf3 c1=Q 0-1

[Event "*** Titled Tuesday 3|2 Blitz"]
[Site "Chess.com"]
[Date "2016.09.06"]
[Round "6"]
[White "spirals5"]
[Black "MattyDPerrine"]
[Result "0-1"]
[WhiteElo "2252"]
[BlackElo "2220"]
[TimeControl "180+2"]
[EndTime "18:09:55 PDT"]
[Termination "MattyDPerrine won by resignation"]

1. e4 c5 2. Nc3 e6 3. g3 Nc6 4. Bg2 g6 5. d3 Bg7 6. f4 d6 7.
Nf3 a6 8. O-O Nge7 9. Be3 Nd4 10. Kh1 Rb8 11. a4 O-O 12. Qd2 Qc7 13. Bxd4 cxd4 14.
Ne2 Nc6 15. c4 b5 16. cxb5 axb5 17. Rfc1 Qb6 18. a5 Qa6 19. b4 e5 20. Rab1 Bd7 21. fxe5 dxe5 22. h3 Rfc8 23. Kh2 Bf8 24. g4 Kg7 25. g5 Be6 26. Ng3 Bd6 27. h4 Qa7 28.
Bh3 Bxh3 29. Kxh3 Qe7 30. Kg2 Bxb4 31. Qa2 Bc3 32. Qd5 b4 33. a6 Qd8 34. Qa2 Ra8 35. Qf2 Rxa6 36. Rc2 Rca8 37. Rf1 b3 38. Re2 Qe7 39. Nh2 Ra2 40. Kg1 Rxe2 41. Qxe2 b2 42. Ng4 Ra1 43. Qc2 Rxf1+ 44. Kxf1 Qb4 45. Qb1 Qa3 46.
Kg2 Qa1 47. Qc2 b1=Q 48. Qf2 Qaa2 49. Ne2 Qe6 50. Nf6 Qxd3 51. h5 Qeh3+ 52. Kg1 Qd1+ 0-1

[Event "*** Titled Tuesday 3|2 Blitz"]
[Site "Chess.com"]
[Date "2016.09.06"]
[Round "6"]
[White "papapizza_old"]
[Black "SidArun"]
[Result "1-0"]
[WhiteElo "2268"]
[BlackElo "2016"]
[TimeControl "180+2"]
[EndTime "18:10:13 PDT"]
[Termination "papapizza_old won by resignation"]

1. d4 Nf6 2. c4 c5 3. d5 e6 4. Nc3 exd5 5. cxd5 d6 6. Nf3 g6 7. Nd2 Bg7 8. e4 O-O 9. Be2 Na6 10. O-O Nc7 11.
a4 Rb8 12. Nc4 a6 13. Bf4 Nfe8 14. a5 Nb5 15. Na4 Nd4 16. Bd3 f5 17. f3 g5 18.
Bg3 f4 19. Bf2 Nc7 20. Nab6 Ncb5 21. Re1 Qc7 22. Rc1 g4 23. Nxc8 Qxc8 24. fxg4 f3 25. h3 h5 26. e5 hxg4 27. Nxd6 Nxd6 28. exd6 gxh3 29. g3 Qg4 30. Kh2 Rbe8 31. Rxc5 Ne2 32. Rc4 Qg5 33. Rh4 Be5 34. Rxh3 Nf4 35. Rxe5 Rxe5 36.
Bf1 Nxh3 37. Bxh3 Re2 38. Qd4 Qg7 39. Be6+ Kh8 40. Qc5 Re8 41. Kg1 R2xe6 42. dxe6 Rxe6 43. Bd4 Rf6 44. Bxf6 Qxf6 45. Qh5+ Kg7 46. Qg4+ Kf7 47. Qf4 Qxf4 48. gxf4 Ke6 49. Kf2 Kxd6 50. Kxf3 Ke6 51. Ke4 Kf6 52. f5 1-0

[Event "*** Titled Tuesday 3|2 Blitz"]
[Site "Chess.com"]
[Date "2016.09.06"]
[Round "6"]
[White "E-Shaposhnikov"]
[Black "Evgeny_Levin"]
[Result "1/2-1/2"]
[WhiteElo "2676"]
[BlackElo "2662"]
[TimeControl "180+2"]
[EndTime "18:10:16 PDT"]
[Termination "Game drawn by agreement"]

1. Nf3 c5 2. c4 Nc6 3. Nc3 g6 4. g3 Bg7 5. Bg2 e6 6. O-O Nge7 7. d3 O-O 8. Bg5 h6 9. Bd2 b6 10. a3 Bb7 11. Rb1 d5 12. b4 cxb4 13. axb4 dxc4 14. dxc4 Rc8 15. Nb5 a6 16. Na3 Nf5 17. b5 axb5 18. Nxb5 Na5 19. Bb4 Qxd1 20. Rfxd1 Rfd8 21. g4 Rxd1+ 22.
Rxd1 Bxf3 23. Bxf3 Nh4 24. c5 Nxf3+ 25. exf3 Nc6 26.
Ba3 bxc5 27. Nd6 Rd8 28. Bxc5 Nd4 29. Kg2 Nb5 30. Rd2 Bf8 31. Ne4 Rxd2 32. Bxf8 Rd1 33. Bxh6 f5 34. Nd2 Nd4 35. Nc4 Ne2 36. h3 Rd5 37.
Nb6 Rb5 38. Nd7 Kf7 39. f4 Rb2 40. Ne5+ Kg8 41. Kf3 Nd4+ 42. Ke3 Nc2+ 43. Kd3 Ne1+ 44. Ke3 Rb3+ 45. Ke2 Rxh3 46. g5 Ng2 47. Nxg6 Kf7 48. Ne5+ Ke8 49. g6 Rxh6 50. g7 Rg6 51. Nxg6 Kf7 52.
Kf3 Kxg7 53. Kxg2 Kxg6 54. Kg3 1/2-1/2

[Event "*** Titled Tuesday 3|2 Blitz"]
[Site "Chess.com"]
[Date "2016.09.06"]
[Round "6"]
[White "cheese111"]
[Black "theprosecution1"]
[Result "1-0"]
[WhiteElo "2286"]
[BlackElo "2439"]
[TimeControl "180+2"]
[EndTime "18:10:17 PDT"]
[Termination "cheese111 won on time"]

1. e4 c5 2. Nf3 d6 3. Bb5+ Bd7 4. Bxd7+ Qxd7 5. c4 Nf6 6. Nc3 g6 7. d4 cxd4 8. Nxd4 Bg7 9. O-O O-O 10. b3 Nc6 11.
Bb2 a6 12. Nxc6 bxc6 13. Qe2 Qc7 14. Rfe1 Rfd8 15. Rad1 a5 16. Na4 Nd7 17. Bxg7 Kxg7 18. Qc2 c5 19. Nc3 Ne5 20. Kh1 e6 21. Rd2 Rd7 22.
Red1 Rad8 23. Nb5 Qb8 24. Qc3 Kg8 25. Qxa5 d5 26. exd5 exd5 27. cxd5 Ng4 28. d6 Qb7 29. h3 Nf6 30. a4 Ne4 31. Re2 Qc6 32. Qe1 Nxd6 33.
Nxd6 Rxd6 34. Rxd6 Qxd6 35. Re8+ Rxe8 36. Qxe8+ Kg7 37.
Qe3 Qd1+ 38. Kh2 Qd6+ 39. g3 h5 40. h4 Qd5 41. Qc3+ f6 42. a5 g5 43. hxg5 Qxg5 44.
a6 h4 45. gxh4 Qxh4+ 46. Qh3 Qb4 47. a7 Qa3 48. Qg2+ 1-0

[Event "*** Titled Tuesday 3|2 Blitz"]
[Site "Chess.com"]
[Date "2016.09.06"]
[Round "6"]
[White "Ksenia_Legenko"]
[Black "TrickyTrapChess"]
[Result "1-0"]
[WhiteElo "2045"]
[BlackElo "2122"]
[TimeControl "180+2"]
[EndTime "18:10:23 PDT"]
[Termination "Ksenia_Legenko won by resignation"]

1. d4 e6 2. c4 f5 3. g3 Nf6 4. Bg2 d5 5. Qc2 c6 6. Nh3 Bd6 7. Bf4 O-O 8. O-O Ne4 9. Nd2 Bxf4 10. Nxf4 g5 11. Nd3 Nd7 12. Nf3 Qf6 13. Nfe5 h5 14.
f3 Nd6 15. b3 f4 16. e4 fxe3 17. Rae1 Nf5 18. Qc3 c5 19. dxc5 d4 20. Nxd7 Bxd7 21. Qc2 Bc6 22. b4 a6 23. a4 e2 24. Qxe2 Ne3 25.
Rf2 Nxg2 26. Rxg2 Bxf3 27. Qxe6+ Qxe6 28. Rxe6 Bxg2 29. Kxg2 Rae8 30. Rxe8 Rxe8 31. b5 axb5 32. axb5 Re2+ 33. Kf1 Rc2 34. Ne5 Kf8 35. c6 bxc6 36.
bxc6 Ra2 37. c7 Ra8 38. Nc6 Rc8 39. Nxd4 Ke7 40. Nb5 Kd7 41. Kg2 Kc6 42. Kf3 Kc5 43. Ke4 Re8+ 44. Kf5 h4 45. Kxg5 hxg3 46. hxg3 Rg8+ 47.
Kf4 Rf8+ 48. Ke3 Re8+ 49. Kf3 Rf8+ 50. Kg2 Rg8 51. Na7 Kxc4 52. c8=Q+ Rxc8 53. Nxc8 Kc5 54. Kf3 Kc6 55. Kf4 Kd7 56. Nb6+ Ke7 57. Kf5 Kf7 58.
g4 Kg7 59. Kg5 Kf7 60. Kh6 Kg8 61. g5 Kh8 62. Kg6 Kg8 63. Nc4 Kf8 64. Kh7 Kf7 65.
g6+ Kf6 66. g7 1-0

[Event "*** Titled Tuesday 3|2 Blitz"]
[Site "Chess.com"]
[Date "2016.09.06"]
[Round "6"]
[White "Kouzari"]
[Black "MaestroASK"]
[Result "1-0"]
[WhiteElo "2475"]
[BlackElo "2464"]
[TimeControl "180+2"]
[EndTime "18:11:36 PDT"]
[Termination "Kouzari won by resignation"]

1. d4 d6 2. c4 g6 3. Nc3 c6 4. e4 e5 5. d5 c5 6. f3 Bh6 7. Bd3 a6 8. Nge2 Bxc1 9. Qxc1 Qh4+ 10.
g3 Qh6 11. a3 Qxc1+ 12. Nxc1 Ke7 13. b4 b6 14. Nb3 Nd7 15. bxc5 Nxc5 16. Nxc5 bxc5 17.
Rb1 Nf6 18. Kd2 Bd7 19. Rb7 Rhb8 20. Rhb1 Rxb7 21. Rxb7 Kd8 22. Bc2 Kc8 23. Rb1 Rb8 24. Rxb8+ Kxb8 25. a4 Kc7 26. a5 Ng8 27. Ba4 f6 28.
Bxd7 Kxd7 29. Na4 Nh6 30. Nb6+ Kc7 31. Na8+ Kd8 32. Nb6 Nf7 33. Na4 Kc7 34. Nc3 Nd8 35. Nb1 Nb7 36. Na3 Nxa5 37. Kc3 Kb6 38. h3 Nb7 39.
Kb3 Nd8 40. Ka4 Nf7 41. h4 f5 42. Nc2 Nh6 43. Ne3 Kb7 44. Ka5 Ka7 45. Ka4 Kb6 46.
h5 f4 47. gxf4 exf4 48. Nd1 g5 49. Nf2 Ka7 50. Ka5 Kb7 51. e5 dxe5 52. Nd3 Nf7 53. Nxc5+ Kc8 54. Ne4 Kc7 55. c5 Kb7 56. c6+ Kc7 57.
Kxa6 h6 58. Kb5 g4 59. fxg4 Nd6+ 60. Nxd6 Kxd6 61. Kb6 f3 62. c7 Kxd5 63. c8=Q e4 64. g5 hxg5 65. h6 Kd4 66. h7 Ke3 67. h8=Q 1-0

[Event "*** Titled Tuesday 3|2 Blitz"]
[Site "Chess.com"]
[Date "2016.09.06"]
[Round "6"]
[White "akinov-akinseye"]
[Black "Quiet_Desperation"]
[Result "0-1"]
[WhiteElo "2018"]
[BlackElo "2220"]
[TimeControl "180+2"]
[EndTime "18:11:37 PDT"]
[Termination "Quiet_Desperation won by checkmate"]

1. e4 Nc6 2. Nf3 d6 3. d4 Nf6 4. Nc3 d5 5. e5 Ne4 6. Bd3 Bf5 7. O-O e6 8. Re1 Nxc3 9. bxc3 Bg4 10. Rb1 Rb8 11. Bb5 Be7 12. h3 Bh5 13. Qd3 O-O 14. Bf4 Qd7 15. Qe3 a6 16. Bd3 b5 17. Ng5 h6 18. Nh7 Rfe8 19. Qg3 Kh8 20. Re3 Qd8 21. Rbe1 Bh4 22. Qh2 Bg6 23. Bxg6 fxg6 24. Nf6 gxf6 25. Bxh6 fxe5 26. dxe5 Bg5 27. Bxg5 Qxg5 28. Rg3 Qh5 29. Rg4 Rf8 30. Qg3 Kg7 31. Rg5 Qh6 32. h4 Rf5 33.
Rxf5 exf5 34. e6 Rc8 35. e7 Kf7 36. Qxc7 Rxc7 37. e8=Q+ Kg7 38. Re6 Qc1+ 39. Kh2 Qf4+ 40. Kg1 Qc1+ 41. Kh2 Qf4+ 42. Kh3 Qg4+ 43. Kh2 Qxh4+ 44.
Kg1 Ne7 45. Qd8 Rb7 46. Qd6 f4 47. Qe5+ Kf7 48. g3 Qg4 49. Kf1 Qxe6 50. Qxf4+ Qf6 51. Qe3 Rc7 52. c4 Rxc4 53. Qd2 Qd4 54. Qe2 Qe4 55. Qd2 Rxc2 56. Qh6 Qe2+ 57. Kg2 Qxf2+ 58. Kh3 Qh2+ 59. Kg4 Qxh6 60. a4 Qh5+ 61. Kf4 Rc4+ 62. Ke3 Qe5+ 63.
Kf2 Rc2+ 64. Kf1 Qe2+ 65. Kg1 Qg2# 0-1

[Event "*** Titled Tuesday 3|2 Blitz"]
[Site "Chess.com"]
[Date "2016.09.06"]
[Round "6"]
[White "BellJackson95"]
[Black "andryusha"]
[Result "1/2-1/2"]
[WhiteElo "2158"]
[BlackElo "2187"]
[TimeControl "180+2"]
[EndTime "18:12:06 PDT"]
[Termination "Game drawn - insufficient material"]

1. e4 e5 2. f4 exf4 3. Nf3 Ne7 4. d4 d5 5. e5 Ng6 6. Be2 c5 7.
O-O Nc6 8. c3 cxd4 9. cxd4 Qb6 10. Nc3 Be6 11. Kh1 Be7 12. Na4 Qc7 13. Bd2 O-O 14.
Rc1 a6 15. b4 Bg4 16. Nc5 Bxc5 17.
Rxc5 b6 18. Rc1 Qd7 19. b5 axb5 20. Bxb5 Nge7 21. a4 g5 22. h3 Bxf3 23. Rxf3 Qe6 24. Be1 Rfc8 25. Rfc3 Na5 26. Rxc8+ Rxc8 27. Rxc8+ Qxc8 28. h4 h6 29. hxg5 hxg5 30. Qh5 Qc1 31. Qxg5+ Ng6 32.
Qd8+ Kh7 33. Qxb6 Qxe1+ 34. Kh2 Nh4 35. Bd3+ Kg7 36. Qf6+ Kf8 37. Qxf4 Nc4 38. e6 Qxe6 39.
Qxh4 Qd6+ 40. Qg3 Qh6+ 41. Qh3 Qd6+ 42. Kh1 Nd2 43. Qh8+ Ke7 44. Qe5+ Qxe5 45. dxe5 Nb3 46. Bf5 d4 47. Kg1 Nc5 48. a5 Kd8 49. Kf2 Kc7 50.
Ke2 Kb7 51. Bd3 Nd7 52. Bc4 Nxe5 53. Bb5 f6 54. g3 Ka7 55. Kd2 Kb7 56. Bd3 Kc6 57.
Kc2 Nd7 58. Be4+ Kb5 59. Bf5 Nc5 60. Bd3+ Kxa5 61. Bc4 Kb4 62. Bd5 Nd7 63. Kd3 Kc5 64. Ba2 Ne5+ 65. Ke4 d3 66. Ke3 Kb4 67. Bb1 Kc3 68.
Bxd3 Nxd3 69. Ke4 Nc5+ 70. Kf5 Nd7 71. g4 Kd4 72. g5 fxg5 73. Kxg5 1/2-1/2

[Event "*** Titled Tuesday 3|2 Blitz"]
[Site "Chess.com"]
[Date "2016.09.06"]
[Round "6"]
[White "ZapataCharlesS"]
[Black "Alexander_Moskalenko"]
[Result "1-0"]
[WhiteElo "2592"]
[BlackElo "2640"]
[TimeControl "180+2"]
[EndTime "18:12:20 PDT"]
[Termination "ZapataCharlesS won by resignation"]

1. e4 d5 2. exd5 Nf6 3. d4 Bg4 4. Be2 Bxe2 5. Qxe2 Qxd5 6. Nf3 Nc6 7. c3 O-O-O 8. O-O e6 9. Nbd2 Bd6 10. Nc4 Rhe8 11. Re1 h6 12. h3 Qh5 13. Nxd6+ Rxd6 14. Bf4 Rdd8 15. Rad1 Qf5 16. Bh2 g5 17. Ne5 Nxe5 18. Bxe5 Nd5 19. a3 Nf4 20. Qg4 Qxg4 21. hxg4 Ng6 22. Bf6 Rd6 23. f3 Rg8 24. Kf2 Nf8 25.
Rh1 Rg6 26. Be7 Nd7 27. Bxd6 cxd6 28. c4 b6 29. Ke3 Kd8 30. b4 Kc7 31. Rh2 Nf6 32.
Rdh1 Ng8 33. g3 a6 34. f4 gxf4+ 35. Kxf4 Kd7 36. a4 Ke7 37. a5 bxa5 38. b5 Nf6 39.
bxa6 Rxg4+ 40. Kf3 Rg8 41. Ra1 e5 42. dxe5 dxe5 43. Rxa5 e4+ 44. Kg2 Ng4 45. Rh4 Ne3+ 46. Kh3 f5 47. a7 Ra8 48. Rxh6 Nxc4 49. Rxf5 e3 50. Kg2 Rxa7 51. Rh7+ Ke6 52. Rxa7 Kxf5 53.
Kf3 Kg5 54. Ra4 Nd6 55. Ra5+ Kf6 56. Ra6 Ke5 57. Kxe3 Nf5+ 58. Kf2 Nd4 59. Ra8 Kf6 60. Kg2 Kg6 61. Kh3 Nf5 62. Ra5 Ne3 63. g4 Kh6 64. Kh4 Ng2+ 65. Kg3 Ne3 66. Kf4 Ng2+ 67. Ke4 Kg6 68. Ra2 Nh4 69. Kf4 Kg7 70. Ra3 Kf6 71. Ra6+ Kg7 72. Kg5 Nf3+ 73. Kh5 Ne5 74. g5 Kg8 75.
Ra7 Kh8 76. g6 Kg8 77. Kg5 Nc6 78. Rc7 Ne5 79. Re7 Nc6 80. Re4 Kg7 81. Re1 Nd4 82. Re7+ Kf8 83. Ra7 Nc6 84. Rf7+ Kg8 85. Kh6 Ne5 86.
Rg7+ Kh8 87. Rh7+ Kg8 88. Ra7 Ng4+ 89. Kg5 Ne5 90. Kf5 Nc6 91. Rc7 Nd4+ 92. Kf6 Ne6 93. Kxe6 1-0

[Event "*** Titled Tuesday 3|2 Blitz"]
[Site "Chess.com"]
[Date "2016.09.06"]
[Round "6"]
[White "rithwik2002"]
[Black "DeviatkinAndrey"]
[Result "1/2-1/2"]
[WhiteElo "1937"]
[BlackElo "2565"]
[TimeControl "180+2"]
[EndTime "18:14:53 PDT"]
[Termination "Game drawn - timeout vs insufficient material"]

1. d4 b5 2. e4 Bb7 3. Nd2 a6 4. a4 b4 5. Ngf3 e6 6. Bd3 c5 7. dxc5 Bxc5 8. O-O Nc6 9. Nb3 Bb6 10. Qe2 Nge7 11. Bf4 d6 12. Rad1 e5 13. Be3 O-O 14. Bc4 Bxe3 15. Qxe3 Qc7 16. Nbd2 h6 17.
c3 a5 18. Rc1 Qd7 19. cxb4 Nxb4 20. Rfd1 Rac8 21. Nb3 Qxa4 22. Rxd6 Na2 23. Nc5 Rxc5 24.
Bxf7+ Rxf7 25. Rxc5 Nb4 26. Nxe5 Rf8 27. f3 Nbc6 28.
Nxc6 Nxc6 29. Qa3 Qxa3 30. bxa3 Rc8 31. Kf2 Kf8 32. Rd7 Ba8 33. Rf5+ Kg8 34. Rff7 Ne5 35. Rxg7+ Kf8 36. Rc7 Rb8 37. Rh7 Kg8 38. Rhe7 Nc6 39. Rg7+ Kf8 40. Rcf7+ Ke8 41. Rc7 Kf8 42. Rgf7+ Kg8 43. Rf6 Ne5 44. Re6 Nd3+ 45. Kg3 h5 46. Rg6+ Kf8 47. Rf6+ Kg8 48. Rff7 a4 49. Rg7+ Kf8 50.
Rcf7+ Ke8 51. Re7+ Kf8 52. Rgf7+ Kg8 53. Rg7+ Kf8 54.
Ref7+ Ke8 55. Rg8+ Kxf7 56. Rxb8 Bc6 57. Rb6 Be8 58.
Rd6 Nb2 59. Rb6 Nc4 60. Rb7+ Kf8 61. Rb1 Nxa3 62. Ra1 Nc2 63. Ra2 Nb4 64. Ra1 Nc2 65.
Ra2 Nb4 66. Ra1 Ke7 67. f4 Nc2 68. Ra2 Nd4 69. f5 Nb3 70. Kf4 Nc5 71. Ke5 Bf7 72.
f6+ Ke8 73. Rd2 a3 74. Kf5 a2 75. Rd1 Be6+ 76. Ke5 Bb3 77. Ra1 Kf7 78. Kd6 Nxe4+ 79. Ke5 Nc3 80. Kf5 Bc2+ 81. Kg5 Bb1 82. g3 Ne4+ 83. Kxh5 Kxf6 84. Rxa2 Bxa2 85. g4 Bf7+ 86. Kh4 Ng5 87. Kg3 Ke5 88. h4 Ne4+ 89. Kf3 Bd5 90. g5 Nxg5+ 91. Kg4 Ne4 92. h5 Be6+ 93. Kh4 Kf6 94.
h6 Kg6 95. h7 Kxh7 96. Kh5 Bf5 97. Kh4 Kg7 98. Kh5 Kf6 99. Kh4 Ke5 100. Kh5 Kf4 101. Kh6 Be6 102. Kg7 Ke5 103. Kf8 Kd6 104. Kg7 Bg4 105. Kh8 Ke7 106. Kg7 Bf5 107. Kh6 Kf6 108. Kh5 1/2-1/2

[Event "*** Titled Tuesday 3|2 Blitz"]
[Site "Chess.com"]
[Date "2016.09.06"]
[Round "7"]
[White "Quiet_Desperation"]
[Black "ChessFrois"]
[Result "0-1"]
[WhiteElo "2208"]
[BlackElo "2034"]
[TimeControl "180+2"]
[EndTime "18:18:24 PDT"]
[Termination "ChessFrois won by resignation"]

1. e4 c5 2. Nf3 d6 3. d4 cxd4 4. Nxd4 Nf6 5. Nc3 a6 6. Be3 Ng4 7. Bc1 Nf6 8. Be2 e6 9. O-O Be7 10. Be3 O-O 11. a4 b6 12. f4 Nbd7 13. Bd3 Bb7 14.
b4 Rc8 15. Qd2 d5 16. e5 Ne4 17. Bxe4 dxe4 18. Rad1 Bxb4 19. Nxe6 fxe6 20. Qxd7 Qxd7 21. Rxd7 Rxc3 22. Rxb7 Rxe3 23. g3 Bc5 24. Kg2 Re2+ 25. Kh3 Rxc2 26. g4 e3 27. f5 e2 28. Re1 Bf2 29.
Rxe2 Rxe2 0-1

[Event "*** Titled Tuesday 3|2 Blitz"]
[Site "Chess.com"]
[Date "2016.09.06"]
[Round "7"]
[White "NTBT_DHS"]
[Black "Rating-Schmating"]
[Result "1-0"]
[WhiteElo "2502"]
[BlackElo "2216"]
[TimeControl "180+2"]
[EndTime "18:18:26 PDT"]
[Termination "NTBT_DHS won by resignation"]

1. d4 Nf6 2. c4 e6 3. Nc3 Bb4 4.
e3 c5 5. Ne2 b6 6. Ng3 Bb7 7.
Bd3 d6 8. O-O Bxc3 9. bxc3 Nc6 10. Bb2 Na5 11. e4 e5 12. f4 exf4 13. Rxf4 Qc7 14. Nf5 O-O-O 15. Nxg7 Ne8 16. Nf5 Rg8 17. d5 f6 18. Qh5 Ng7 19. Qxh7 Nxf5 20. Qxf5+ Kb8 21.
Raf1 Qg7 22. g3 Rdf8 23. Qe6 Kc7 24. Rxf6 Bc8 25. Rf7+ Kb8 26. Qxd6+ Ka8 27. Rxg7 Rxf1+ 28. Kxf1 Rxg7 29. Qf8 Rc7 30. d6 Rc6 31. e5 Kb7 32. Be4 1-0

[Event "*** Titled Tuesday 3|2 Blitz"]
[Site "Chess.com"]
[Date "2016.09.06"]
[Round "7"]
[White "Elshan1985"]
[Black "Bishops83"]
[Result "1-0"]
[WhiteElo "2596"]
[BlackElo "2274"]
[TimeControl "180+2"]
[EndTime "18:19:03 PDT"]
[Termination "Elshan1985 won by resignation"]

1. d4 e6 2. Nf3 d5 3. Bf4 Bd6 4. Bg3 c5 5. e3 Nc6 6. c3 Nf6 7. Nbd2 O-O 8. Bd3 b6 9. Qe2 Bb7 10. Rd1 Ne7 11. Ne5 Nf5 12. Bf4 Be7 13. O-O Nd6 14. Bg5 Rc8 15. f4 h6 16. Bxf6 Bxf6 17.
Qf3 Re8 18. Kh1 a5 19. g4 Rc7 20. Rg1 1-0

[Event "*** Titled Tuesday 3|2 Blitz"]
[Site "Chess.com"]
[Date "2016.09.06"]
[Round "7"]
[White "Evgeny_Levin"]
[Black "OparinGrigoriy"]
[Result "1/2-1/2"]
[WhiteElo "2661"]
[BlackElo "2619"]
[TimeControl "180+2"]
[EndTime "18:19:40 PDT"]
[Termination "Game drawn by agreement"]

1. d4 Nf6 2. c4 e6 3. Nf3 d5 4.
Nc3 Be7 5. Bg5 h6 6. Bh4 O-O 7. e3 b6 8. Qb3 Bb7 9. Bxf6 Bxf6 10. cxd5 exd5 11. Rd1 Re8 12. a3 c6 13. Bd3 Nd7 14.
O-O Nf8 15. Rfe1 Ne6 16. Bb1 g6 17. e4 dxe4 18. Bxe4 Kg7 19. g3 Qd6 20. Qa4 b5 21. Qc2 Rad8 22. Nxb5 cxb5 23. Bxb7 Nxd4 24. Rxe8 Rxe8 25.
Nxd4 Bxd4 1/2-1/2

[Event "*** Titled Tuesday 3|2 Blitz"]
[Site "Chess.com"]
[Date "2016.09.06"]
[Round "7"]
[White "rithwik2002"]
[Black "papapizza_old"]
[Result "1/2-1/2"]
[WhiteElo "1943"]
[BlackElo "2249"]
[TimeControl "180+2"]
[EndTime "18:20:25 PDT"]
[Termination "Game drawn by agreement"]

1. d4 d5 2. Bf4 Nf6 3. e3 c5 4. dxc5 Nc6 5. Bb5 Qa5+ 6. Nc3 a6 7. Bxc6+ bxc6 8. Qd4 e6 9. b4 Qa3 10. Nge2 a5 11. b5 Bxc5 12. Qa4 Qb2 13. O-O cxb5 14. Nxb5 Bd7 15. Rfb1 Bxb5 16. Qxb5+ Qxb5 17. Rxb5 Nd7 18. c4 dxc4 19. Rc1 O-O 20. Rxc4 Bb4 21. Kf1 Rfc8 22. Rc7 Rxc7 23. Bxc7 Kf8 24. Nd4 Ra7 25. Bg3 1/2-1/2

[Event "*** Titled Tuesday 3|2 Blitz"]
[Site "Chess.com"]
[Date "2016.09.06"]
[Round "7"]
[White "GianmarcoVaR"]
[Black "Newlight1"]
[Result "0-1"]
[WhiteElo "2411"]
[BlackElo "2503"]
[TimeControl "180+2"]
[EndTime "18:21:12 PDT"]
[Termination "Newlight1 won by resignation"]

1. d4 Nf6 2. Nf3 c5 3. c4 cxd4 4. Nxd4 e5 5. Nb5 d5 6. cxd5 Bc5 7. N5c3 O-O 8. e3 Bf5 9. Nd2 Nxd5 10. Nxd5 Qxd5 11.
Qb3 Qc6 12. Be2 Qxg2 13. Bf3 Qg6 14. Bxb7 Nc6 15. Bxa8 Rxa8 16. Qd5 Bb4 17. h4 Be4 18. h5 Qg2 19. Qxe4 Qxe4 0-1

[Event "*** Titled Tuesday 3|2 Blitz"]
[Site "Chess.com"]
[Date "2016.09.06"]
[Round "7"]
[White "Alexander_Moskalenko"]
[Black "cheese111"]
[Result "1-0"]
[WhiteElo "2642"]
[BlackElo "2283"]
[TimeControl "180+2"]
[EndTime "18:21:18 PDT"]
[Termination "Alexander_Moskalenko won on time"]

1. b3 e5 2. Bb2 Nc6 3. e3 Nf6 4.
Bb5 Bd6 5. Na3 e4 6. Nc4 Be7 7. Bxc6 dxc6 8. d3 O-O 9. dxe4 Qxd1+ 10. Rxd1 Nxe4 11. Ne2 f6 12. f3 Nd6 13. Nxd6 cxd6 14. c4 Be6 15. Nf4 Kf7 16. Ba3 Rad8 17. h4 Rd7 18. Kf2 Rfd8 19. Rd2 d5 20. cxd5 Bxd5 21. Bxe7 Kxe7 22. e4 Bf7 23. Rxd7+ Rxd7 24. Ke3 c5 25. g4 h6 26. Rg1 g5 27. Ne2 b6 28. Rh1 a5 29.
Ng3 Be6 30. hxg5 hxg5 31. Rh6 Rd6 32. e5 fxe5 33. Ne4 Rd4 34. Nxg5 1-0

[Event "*** Titled Tuesday 3|2 Blitz"]
[Site "Chess.com"]
[Date "2016.09.06"]
[Round "7"]
[White "Rumpel-VK"]
[Black "ShimanovAlex"]
[Result "0-1"]
[WhiteElo "2443"]
[BlackElo "2556"]
[TimeControl "180+2"]
[EndTime "18:21:22 PDT"]
[Termination "ShimanovAlex won on time"]

1. e4 e5 2. Nf3 Qe7 3. Be2 Nf6 4. d3 d6 5. O-O h6 6. c3 g5 7. Ne1 Bg7 8. Nc2 Nbd7 9. Ne3 Nf8 10. Na3 Ng6 11.
Bg4 Nxg4 12. Nxg4 f5 13. exf5 Bxf5 14. d4 O-O-O 15. Ne3 Be6 16. Qa4 Kb8 17. d5 Bd7 18. Qe4 Nf4 19. Bd2 h5 20. c4 g4 21. Nf5 Bxf5 22.
Qxf5 Bh6 23. Bxf4 Bxf4 24. Rfe1 Qg7 25. Nb5 h4 26. Nd4 Bxh2+ 27. Kxh2 g3+ 28. Kg1 exd4 29.
f3 h3 30. gxh3 d3 0-1

[Event "*** Titled Tuesday 3|2 Blitz"]
[Site "Chess.com"]
[Date "2016.09.06"]
[Round "7"]
[White "hypert"]
[Black "DeviatkinAndrey"]
[Result "1/2-1/2"]
[WhiteElo "2335"]
[BlackElo "2559"]
[TimeControl "180+2"]
[EndTime "18:21:46 PDT"]
[Termination "Game drawn by agreement"]

1. e4 c6 2. d4 d5 3. Nc3 dxe4 4. Nxe4 h6 5. Ng3 h5 6. h4 Bg4 7. Qd3 Nf6 8. Nf3 Bxf3 9. Qxf3 Qxd4 10. Bd3 e6 11.
Be3 Qd5 12. Ne4 Nxe4 13. Bxe4 Qa5+ 14. c3 Nd7 15. O-O Be7 16. Rfd1 Rd8 17. Qg3 Nf6 18.
Bf3 Ng4 19. Rxd8+ Bxd8 20. Bxg4 hxg4 21. Qxg4 Bxh4 22. Qxg7 Qh5 23. Kf1 Be7 24. Re1 Bf8 25.
Qg5 Qxg5 26. Bxg5 Rh1+ 27. Ke2 Rxe1+ 28. Kxe1 Kd7 29. Be3 a6 30. c4 b5 31. b3 f5 32.
f3 e5 33. g4 Ke6 34. Ke2 Be7 35. gxf5+ Kxf5 36. Kd3 Bf8 1/2-1/2

[Event "*** Titled Tuesday 3|2 Blitz"]
[Site "Chess.com"]
[Date "2016.09.06"]
[Round "7"]
[White "saraswathii"]
[Black "AllStarShark"]
[Result "1-0"]
[WhiteElo "2142"]
[BlackElo "2281"]
[TimeControl "180+2"]
[EndTime "18:21:49 PDT"]
[Termination "saraswathii won by checkmate"]

1. e4 c6 2. d3 d5 3. Nd2 e5 4.
Ngf3 Bd6 5. g3 Nf6 6. Bg2 O-O 7. O-O Bg4 8. h3 Bxf3 9. Qxf3 dxe4 10. dxe4 Nbd7 11. Nc4 Bc7 12. Re1 Nb6 13. Ne3 Nc8 14. Rd1 Qe8 15. Nf5 Ne7 16. Nh6+ Kh8 17. Bg5 Neg8 18.
Nf5 Qe6 19. h4 h6 20. Bd2 Ne7 21. g4 Ng6 22. g5 Ng8 23. Bh3 Qc4 24. gxh6 gxh6 25.
Nxh6 Kg7 26. Nf5+ Kf6 27. Nd6+ Ke7 28. Nxc4 Nf6 29. Bb4+ Ke8 30. Qxf6 Rg8 31. Bd7# 1-0

[Event "*** Titled Tuesday 3|2 Blitz"]
[Site "Chess.com"]
[Date "2016.09.06"]
[Round "7"]
[White "pedromartinez91"]
[Black "jk13"]
[Result "0-1"]
[WhiteElo "2371"]
[BlackElo "2518"]
[TimeControl "180+2"]
[EndTime "18:21:51 PDT"]
[Termination "jk13 won on time"]

1. e4 e5 2. Nf3 Nc6 3. Bb5 Nf6 4. d3 Bc5 5. O-O d6 6. c3 O-O 7. h3 a6 8. Ba4 Ba7 9. Bg5 h6 10. Be3 Bxe3 11. fxe3 Ne7 12. Nbd2 Ng6 13. Qe1 d5 14. d4 Nxe4 15. Nxe4 dxe4 16. Nxe5 Nxe5 17. dxe5 Qg5 18.
Bc2 Bxh3 19. Bxe4 c6 20. Qf2 Rae8 21. Bc2 Rxe5 22. Rae1 Be6 23. Qf4 Rd8 24. Qb4 Rxe3 25. Bd1 Rxe1 26. Rxe1 Qd2 27. Rf1 Qe3+ 28. Kh1 b5 29. Bf3 Bc4 0-1